 Dungeon Crawl Stone Soup version 0.21.1-1-g345015f (webtiles) character file.

357 inmateoo the Insei (level 6, 0/38 HPs)
             Began as a Demonspawn Fire Elementalist on Feb 18, 2018.
             Succumbed to an orc's poison
             ... on level 4 of the Dungeon.
             The game lasted 00:06:20 (4838 turns).

inmateoo the Insei (Demonspawn Fire Elementalist)   Turns: 4838, Time: 00:06:21

Health: 0/38       AC:  2    Str: 15    XL:     6   Next: 37%
Magic:  9/10       EV: 12    Int: 17    God:
Gold:   99         SH:  0    Dex: 13    Spells: 2/9 levels left

rFire    . . .     SeeInvis .   f - +1 dagger (venom)
rCold    . . .     Gourm    .   (no shield)
rNeg     . . .     Faith    .   a - +0 robe
rPois    .         Spirit   +   (no helmet)
rElec    .         Reflect  .   (no cloak)
rCorr    .         Harm     .   k - +0 pair of gloves
MR       .....                  (no boots)
Stlth    ++........             (no amulet)
HPRegen  0.12/turn              (no ring)
MPRegen  0.24/turn              (no ring)

@: mighty, lethally poisoned (0 -> -4), very slightly contaminated, hasted, very
quick
A: deformed body, frail 1, high mp 1, wild magic 1, magic shield, magic
regeneration
a: no special abilities


You were on level 4 of the Dungeon.
You were not hungry.

You visited 1 branch of the dungeon, and saw 4 of its levels.

You collected 99 gold pieces.

Inventory:

Hand Weapons
 f - a +1 dagger of venom (weapon)
Armour
 a - a +0 robe (worn)
 k - a +0 pair of gloves (worn)
Scrolls
 d - a scroll of remove curse
Books
 b - a book of Flames

   Spells                             Type                      Level
   a - Flame Tongue                   Conjuration/Fire             1
   b - Throw Flame                    Conjuration/Fire             2
   c - Conjure Flame                  Conjuration/Fire             3
   d - Inner Flame                    Hexes/Fire                   3
   e - Sticky Flame                   Conjuration/Fire             4
   f - Fireball                       Conjuration/Fire             5
Comestibles
 c - 4 rations


   Skills:
 + Level 1.0 Fighting
 - Level 1.7 Dodging
 - Level 1.7 Stealth
 * Level 5.0 Unarmed Combat
 + Level 2.3 Spellcasting
 + Level 1.7 Conjurations
 * Level 3.2 Fire Magic


You had 2 spell levels left.
You knew the following spells:

 Your Spells              Type           Power        Failure   Level  Hunger
a - Flame Tongue          Conj/Fire      ##...        11%         1    #......
b - Sticky Flame          Conj/Fire      ##......     65%         4    #####..
c - Throw Flame           Conj/Fire      ##....       16%         2    ###....


Dungeon Overview and Level Annotations

Branches:
Dungeon (4/15)
 Temple: D:4-7

Altars:

Annotations:
D:4 Autsider's ghost, novice TeBe


Innate Abilities, Weirdness & Mutations

When hurt, damage is shared between your health and your magic reserves.
You regenerate magic rapidly.
Armour fits poorly on your strangely shaped body.
You are frail. (-10% HP)
You have an increased reservoir of magic. (+10% MP)
Your spells are a little harder to cast, but a little more powerful.


Message History

The magic dart hits you!
* * * LOW HITPOINT WARNING * * *
The orc wizard casts a spell at you. The puff of flame misses you.
* * * LOW HITPOINT WARNING * * *
You feel sick.
Unknown command.
Your surroundings suddenly seem different.
* * * LOW HITPOINT WARNING * * *
You feel sick.
Unknown command.
You feel yourself speed up.
* * * LOW HITPOINT WARNING * * *
You feel sick.
* * * LOW HITPOINT WARNING * * *
You feel sick.
* * * LOW HITPOINT WARNING * * *
You feel sick.
Found a ration.
You die...

# .....o.....#
#.....#.###.##.#
.....#.# #?# .# ...
#.###.# .#
##..#.##..# %#
#.#.##.## .##
#...##.###..####.
#......##........
#......##@#/#
#..$........#
#......#.##.....
#...$....# .####
##.......### #
#######..........#
#...##..###.####..#
.......## #.# #..#
......## #.# W#


There were no monsters in sight!

Vanquished Creatures
  2 ogres
  5 gnolls (D:3)
  4 adders
  3 worms (D:2)
  4 dart slugs
  5 leopard geckos
  2 orcs
  7 giant cockroaches
  7 hobgoblins
  2 jackals (D:3)
  6 quokkas
  A ball python (D:2)
  8 bats
  5 frilled lizards
  7 goblins
  5 kobolds
  9 rats
82 creatures vanquished.

Notes
Turn   | Place    | Note
-------+----------+-------------------------------------------
     0 | D:1      | inmateoo the Demonspawn Fire Elementalist began the quest for the Orb.
     0 | D:1      | Reached XP level 1. HP: 13/13 MP: 3/3
    91 | D:1      | Reached skill level 1 in Unarmed Combat
   490 | D:1      | Gained mutation: When hurt, damage is shared between your health and your magic reserves. [demonic ancestry]
   490 | D:1      | Reached XP level 2. HP: 3/19 MP: 0/5
  1247 | D:1      | Reached skill level 2 in Unarmed Combat
  1812 | D:2      | Reached XP level 3. HP: 23/24 MP: 3/6
  1911 | D:2      | Reached skill level 3 in Unarmed Combat
  2061 | D:2      | Reached XP level 4. HP: 13/30 MP: 3/7
  2465 | D:2      | Noticed an ogre
  2516 | D:2      | Killed an ogre
  2516 | D:2      | Reached skill level 4 in Unarmed Combat
  2516 | D:2      | Reached XP level 5. HP: 17/35 MP: 0/8
  3102 | D:3      | Learned a level 4 spell: Sticky Flame
  3578 | D:3      | Learned a level 2 spell: Throw Flame
  3610 | D:3      | Gained mutation: Your spells are a little harder to cast, but a little more powerful. [potion of mutation]
  3610 | D:3      | Gained mutation: Armour fits poorly on your strangely shaped body. [potion of mutation]
  3610 | D:3      | Gained mutation: You are frail. (-10% HP) [potion of mutation]
  3610 | D:3      | Gained mutation: You have an increased reservoir of magic. (+10% MP) [potion of mutation]
  4030 | D:3      | HP: 1/32 [gnoll/halberd (12)]
  4384 | D:3      | Gained mutation: You regenerate magic rapidly. [demonic ancestry]
  4384 | D:3      | Reached XP level 6. HP: 37/37 MP: 8/10
  4499 | D:4      | Noticed Autsider's ghost (novice TeBe)
  4545 | D:3      | Reached skill level 1 in Fighting
  4545 | D:3      | Reached skill level 5 in Unarmed Combat
  4835 | D:4      | HP: 1/38 [poisoned by an orc]
  4838 | D:4      | Succumbed to an orc's poison

Skill      XL: |  1  2  3  4  5  6 |
---------------+-------------------+-----
Unarmed Combat | 1 2 3 4 5 |  5.0
Fire Magic     | 3 |  3.2
Fighting       | 1 |  1.0
Dodging        | |  1.7
Stealth        | |  1.7
Spellcasting   | |  2.3
Conjurations   | |  1.7

Action                   |  1- 3 |  4- 6 || total
-------------------------+-------+-------++-------
Melee: Hunting sling     |     6 |       ||     6
       Dagger            |       |   116 ||   116
       Punch             |       |     3 ||     3
       Unarmed           |       |     7 ||     7
 Fire: Hunting sling     |    79 |    25 ||   104
 Cast: Flame Tongue      |    46 |    24 ||    70
  Use: Scroll            |     3 |     7 ||    10
       Potion            |       |     7 ||     7
 Stab: Sleeping          |       |     3 ||     3
  Eat: Chunk             |     4 |     6 ||    10
       Ration            |       |     1 ||     1
Armor: Robe              |    25 |    30 ||    55
       Skin              |       |     2 ||     2
Dodge: Dodged            |    46 |   103 ||   149
